Map: Pillars of Gold LE

Players

Asuna - Winner!

  • Race: Protoss Protoss
  • League: Master
  • Spawn Location: 1:00

MaSa

  • Race: Terran Terran
  • League: Master
  • Spawn Location: 7:00

Event: DreamHack SC2 Masters 2020 Fall

VOD

Have the link to the VOD?

Description

Time

  • Played on: Sept. 1, 2020, 7:17 p.m.
  • Length: 14:10

All games in this series

Show
View Real Time Build Order
Export as new Build Order

Asuna Protoss - Winner!

Build Orders: 1 Gate Expand, Phoenix Opening 

Get SALT Encoding   

  12  0:00  Probe  
  13  0:12  Probe  
  14  0:17  Pylon  
  14  0:24  Probe (Chrono Boost)  
  15  0:37  Probe (Chrono Boost), Gateway  
  16  0:43  Probe (Chrono Boost)  
  16  0:46  Assimilator  
  17  0:53  Probe  
  18  1:05  Probe  
  19  1:18  Probe  
  20  1:25  Cybernetics Core  
  20  1:36  Nexus  
  20  1:40  Probe  
  20  1:46  Pylon  
  21  1:52  Probe  
  22  1:55  Assimilator  
  22  2:02  Adept (Chrono Boost)  
  24  2:09  Shield Battery  
  24  2:13  Warp Gate  
  24  2:15  Probe  
  25  2:24  Adept (Chrono Boost)  
  27  2:30  Probe  
  28  2:40  Stargate  
  28  2:42  Probe  
  29  2:49  Adept  
  31  2:53  Probe  
  31  2:54  Probe  
  33  3:06  Probe  
  33  3:07  Probe  
  35  3:18  Probe  
  35  3:19  Probe  
  37  3:24  Phoenix (Chrono Boost)  
  39  3:30  Probe  
  39  3:31  Probe  
  40  3:42  Probe, Phoenix  
  40  3:43  Probe  
  40  3:47  Pylon  
  44  3:54  Probe  
  44  3:55  Probe  
  46  3:58  Pylon  
  46  4:03  Void Ray (Chrono Boost)  
  46  4:07  Gateway  
  48  4:19  Shield Battery  
  48  4:21  Shield Battery, Gateway  
  48  4:26  Sentry  
  48  4:27  Gateway  
  48  4:30  Void Ray (Chrono Boost)  
  50  4:40  Pylon  
  50  4:44  Pylon  
  54  4:50  Zealot  
  56  4:53  Probe x2  
  58  5:00  Shield Battery  
  58  5:03  Shield Battery  
  58  5:04  Zealot  
  60  5:07  Void Ray (Chrono Boost), Gateway  
  60  5:14  Pylon  
  64  5:23  Pylon, Zealot x2  
  64  5:26  Zealot  
  66  5:37  Zealot  
  66  5:40  Void Ray (Chrono Boost)  
  60  5:46  Zealot x2  
  60  5:47  Zealot  
  58  6:03  Adept x2  
  58  6:04  Probe x2  
  58  6:08  Robotics Facility  
  58  6:09  Assimilator  
  60  6:15  Adept x2  
  60  6:16  Probe  
  65  6:20  Probe  
  66  6:26  Assimilator  
  66  6:28  Probe  
  66  6:30  Adept  
  66  6:31  Adept x2  
  73  6:37  Void Ray (Chrono Boost)  
  59  6:51  Stalker  
  59  6:52  Zealot x3  
  67  7:01  Immortal (Chrono Boost)  
  71  7:09  Sentry  
  71  7:13  Zealot x2  
  77  7:20  Stalker  
  77  7:21  Stalker  
  81  7:30  Immortal (Chrono Boost)  
  77  7:56  Probe x2  
  69  8:03  Stalker, Zealot x4  
  74  8:08  Probe  
  61  8:18  Robotics Bay  
  61  8:20  Nexus  
  61  8:24  Pylon  
  61  8:30  Sentry x2  
  61  8:33  Twilight Council  
  65  8:38  Observer (Chrono Boost)  
  66  8:44  Probe x2  
  66  8:46  Forge  
  66  8:47  Sentry  
  70  8:52  Stalker x2  
  70  8:53  Observer (Chrono Boost)  
  75  8:59  Probe x2  
  75  9:01  Shield Battery  
  77  9:10  Protoss Ground Weapons Level 1 (Chrono Boost)  
  77  9:11  Probe x2, Colossus (Chrono Boost)  
  77  9:15  Charge (Chrono Boost)  
  85  9:23  Probe x2  
  86  9:39  Probe x3  
  86  9:41  Pylon  
  89  9:50  Extended Thermal Lance  
  89  9:51  Probe x3  
  91  9:54  Pylon  
  91  9:58  Photon Cannon  
  91  10:04  Colossus (Chrono Boost)  
  91  10:06  Pylon  
  97  10:16  Probe  
  97  10:17  Assimilator  
  97  10:21  Zealot x4  
  97  10:24  Assimilator  
  97  10:27  Gateway  
  105  10:30  Zealot  
  103  10:42  Zealot x4  
  103  10:52  Gateway  
  103  10:55  Pylon  
  103  10:57  Templar Archives  
  103  10:59  Stalker, Gateway  
  103  11:03  Stalker  
  107  11:06  Stalker  
  107  11:11  Probe (Chrono Boost)  
  107  11:15  Blink (Chrono Boost)  
  107  11:16  Probe x2 (Chrono Boost)  
  108  11:22  Probe (Chrono Boost)  
  111  11:26  Probe x2 (Chrono Boost), Zealot  
  111  11:27  Zealot, Observer  
  115  11:34  Colossus  
  115  11:39  Probe x2  
  123  11:40  Probe  
  123  11:46  Pylon  
  124  11:51  Pylon  
  124  11:52  Probe  
  125  12:04  Probe  
  125  12:07  Stalker  
  125  12:08  Stalker  
  130  12:11  Pylon  
  130  12:15  Zealot x2  
  124  12:28  Stalker x3  
  124  12:29  Stalker  
  131  12:38  Photon Cannon  
  131  12:43  Pylon  
  126  12:51  Probe x2 (Chrono Boost)  
  126  12:55  Probe (Chrono Boost)  
  128  13:00  Zealot  
  128  13:01  Zealot  
  128  13:02  Probe (Chrono Boost)  
  128  13:03  Probe (Chrono Boost)  
  128  13:04  High Templar x5  
  142  13:06  High Templar  
  142  13:10  Archon  
  142  13:11  Archon x2  
  144  13:13  Warp Prism (Chrono Boost)  
  146  13:27  High Templar  
  146  13:28  High Templar  
  146  13:32  Archon  
  150  13:37  Stalker x3  
  155  13:50  Stalker  
  155  13:53  Nexus  
  155  13:54  Pylon  
  157  13:56  Pylon  
  157  13:58  Shield Battery  
  147  14:09  Stalker x3  
  131  14:10  Zealot  
Show
View Real Time Build Order
Export as new Build Order

MaSa Terran 

Build Orders:  

Get SALT Encoding   

  12  0:00  SCV  
  13  0:12  SCV  
  14  0:17  Supply Depot  
  14  0:24  SCV  
  15  0:39  SCV  
  15  0:40  Barracks  
  16  0:44  Refinery  
  16  0:51  SCV  
  16  0:54  Refinery  
  17  1:03  SCV  
  18  1:08  Supply Depot  
  18  1:15  SCV  
  19  1:27  Reaper  
  20  1:33  Orbital Command  
  20  1:48  Factory  
  20  2:00  SCV  
  21  2:05  Barracks Reactor  
  21  2:09  Barracks  
  21  2:14  SCV  
  23  2:30  SCV  
  23  2:33  Starport  
  23  2:34  Factory Tech Lab  
  23  2:41  Marine x2  
  26  2:44  SCV  
  26  2:49  Supply Depot  
  26  2:57  Siege Tank  
  29  3:03  Marine  
  29  3:04  Marine  
  31  3:10  Marine  
  32  3:15  Medivac  
  34  3:20  Supply Depot  
  34  3:21  Marine  
  34  3:25  Marine  
  36  3:28  Marine  
  37  3:42  Siege Tank  
  37  3:43  Supply Depot  
  37  3:45  Marine  
  37  3:48  Marine  
  41  3:49  Marine  
  42  4:00  Viking  
  44  4:04  Marine  
  44  4:05  Marine  
  44  4:07  Marine  
  47  4:18  Siege Tank  
  50  4:26  Supply Depot  
  50  4:34  Liberator  
  50  4:37  Marine  
  54  4:42  Marine  
  55  4:47  Marine  
  55  4:51  Bunker  
  54  5:08  Siege Tank  
  57  5:17  Viking  
  59  5:28  Bunker  
  56  5:38  Marine x2  
  53  5:47  Viking  
  48  5:59  Siege Tank  
  48  6:07  Marine  
  48  6:08  Marine  
  50  6:17  Viking  
  52  6:21  Bunker  
  52  6:31  Siege Tank  
  47  6:49  SCV, Marine x3  
  47  6:53  Liberator  
  54  7:02  Supply Depot  
  54  7:06  Marine x2  
  56  7:13  Marine  
  57  7:24  Marine x2  
  59  7:30  Siege Tank  
  59  7:31  Marine  
  63  7:42  Marine  
  46  7:59  Marine x2  
  40  8:09  Marine  
  40  8:10  Siege Tank  
  44  8:17  Marine  
  41  8:23  SCV  
  41  8:24  Barracks Tech Lab  
  41  8:26  Command Center  
  41  8:30  Starport Tech Lab  
  41  8:36  SCV  
  41  8:39  Marine x2  
  44  8:43  Marine  
  44  8:44  Stimpack  
  45  8:51  Raven  
  45  8:53  SCV  
  48  9:04  Marine  
  48  9:05  SCV, Marine  
  48  9:06  Marine  
  52  9:18  SCV  
  52  9:19  Engineering Bay  
  53  9:32  Marine x2  
  53  9:33  SCV, Marine  
  57  9:45  Starport Reactor  
  57  9:48  Siege Tank  
  57  9:50  Marine  
  61  9:57  Orbital Command  
  61  10:13  Marine x2  
  63  10:14  SCV  
  63  10:15  Terran Infantry Weapons Level 1  
  64  10:26  Marine, Siege Tank  
  67  10:40  SCV  
  67  10:41  Marine x2  
  69  10:44  Marine  
  69  10:45  SCV  
  69  10:48  Medivac  
  73  10:52  SCV, Medivac  
  76  10:59  Marine  
  74  11:11  SCV  
  74  11:15  SCV  
  71  11:18  Siege Tank  
  71  11:23  Refinery x2  
  71  11:25  Command Center, Marine  
  74  11:29  Marine  
  76  11:36  SCV  
  76  11:38  SCV  
  78  11:42  Barracks  
  78  11:44  Combat Shield  
  78  11:48  SCV  
  78  11:50  SCV  
  78  11:53  Marine x2  
  84  11:54  Marauder  
  84  12:00  SCV  
  85  12:03  Supply Depot  
  85  12:04  SCV  
  85  12:20  Siege Tank  
  85  12:22  Marine x2  
  85  12:23  SCV  
  85  12:24  Medivac x2  
  85  12:26  SCV  
  85  12:28  Supply Depot  
  91  12:38  Orbital Command  
  91  12:43  Marauder, Marine  
  94  12:49  SCV  
  94  12:50  SCV  
  96  13:02  Marine  
  96  13:04  Barracks  
  97  13:07  Orbital Command  
  97  13:08  SCV, Barracks  
  96  13:20  Marauder x2, Marine  
  101  13:29  SCV  
  101  13:30  Marine  
  105  13:42  Marauder x2  
  100  13:50  SCV  
  100  13:51  SCV x2  
  100  13:52  Marine  
  103  13:55  Barracks Tech Lab  
  103  13:57  Barracks Reactor  

Tags
 
Add a new tag
Caveats
  • Supply blocks, unpowered buildings, or Contaminate may cause inaccurate times.
  • Supply counts are checked every 10 seconds.